[Event "Polish University-ch Open 2024"]
[Site "Lublin"]
[Date "2024.02.23"]
[Round "1.12"]
[White "Miecznik, Albert"]
[Black "Pacan-Milej, Kosma"]
[Result "0-1"]
[ECO "A48"]
[WhiteElo "1334"]
[BlackElo "2438"]
[Annotator "TA"]
[PlyCount "98"]
[EventDate "2024.02.22"]
[EventType "swiss"]
[EventCountry "POL"]
[SourceTitle "playchess.com"]
[Source "ChessBase"]
[SourceQuality "1"]
[TimeControl "600+3"]

1. Nf3 Nf6 2. d4 g6 3. Bf4 Bg7 4. e3 O-O 5. Bd3 d6 6. e4 Nbd7 7. O-O Nh5 8. Be3 {[%emt 0:01:16] White is slightly better.} e5 9. c3 Qe7 10. Re1 h6 11. Nbd2 b6 12. Nf1 Bb7 13. Ng3 Nf4 14. Qd2 (14. Bc4 $14 {feels stronger.}) 14... Nxd3 $11 15. Qxd3 Nf6 16. Rad1 Rae8 (16... exd4 {seems wilder.} 17. Nxd4 Ng4 18. Bf4 Qh4) 17. dxe5 dxe5 18. h3 Rd8 19. Qc4 Kh7 20. Qa4 a6 21. Bc1 b5 22. Qb3 Rxd1 23. Qxd1 Rd8 24. Qc2 Qe6 25. a4 Ne8 26. axb5 axb5 27. Rd1 Rxd1+ 28. Qxd1 Nd6 29. Qe2 Qa2 30. Kh2 {[%emt 0:00:00] White is now going downhill.} (30. Qc2 $15) 30... Qb1 $19 31. Qe3 (31. Qf1 $17 {was called for.}) 31... Nxe4 32. Nxe4 Qxe4 33. Qc5 Qc6 34. Qe7 Qd6 35. Qxd6 (35. Qxf7 $2 {loses.} Bd5 36. Qe8 e4+ 37. g3 Bc6 $19 (37... exf3 $2 38. Qxb5 Be6 39. Qf1 $19)) 35... cxd6 {[%emt 0:00:01][%mdl 4096] Endgame. KBB-KBN} 36. Nd2 f5 37. Nb3 f4 38. Na5 Bd5 39. b3 g5 40. c4 bxc4 41. bxc4 (41. Nxc4 {is a better defense.} Bf8 42. Na5) 41... Be6 {[%emt 0:00:03] White must now prevent ...d5.} 42. Ba3 $2 (42. Nb7) 42... d5 43. c5 $2 (43. cxd5 Bxd5 44. Be7) 43... d4 44. c6 $2 (44. f3 d3 45. Bb4) 44... d3 45. Bc1 e4 {[%emt 0:00:02] [#] Threatens to win with ...Bc3.} 46. c7 Be5 47. Nc6 Bxc7 48. Nd4 {[%emt 0:00:03] [#]} e3 $1 {[%emt 0:00:12] ( -> ...f3+)} 49. f3 (49. Nf3 Bd5) 49... d2 {[%emt 0:00:03] Weighted Error Value: White=0.78/Black=0.30.  Mistake:       	White=7     	---        Inaccurate:     	White=3     	Black=5      OK:         	White=10    	Black=15     Best:        	---       	Black=1} 0-1

[Event "Polish University-ch Open 2024"]
[Site "Lublin"]
[Date "2024.02.23"]
[Round "1.13"]
[White "Koziorowicz, Michal"]
[Black "Wolak, Robert"]
[Result "1-0"]
[ECO "B12"]
[WhiteElo "2324"]
[BlackElo "1281"]
[Annotator "TA"]
[PlyCount "39"]
[EventDate "2024.02.22"]
[EventType "swiss"]
[EventCountry "POL"]
[SourceTitle "playchess.com"]
[Source "ChessBase"]
[SourceQuality "1"]
[TimeControl "600+3"]

1. e4 c6 2. d4 d5 3. e5 Bf5 4. Nc3 e6 5. g4 Bg6 6. Nge2 c5 7. h4 h6 8. Nf4 Bh7 9. Be3 cxd4 10. Qxd4 Nc6 $1 11. Qa4 {[%emt 0:00:07] Black is better.} a6 {[%emt 0:00:06] Threatens to win with ...b5.} 12. O-O-O (12. Qb3 $142) 12... b5 $17 13. Bxb5 (13. Qb3 Na5 (13... Nxe5 14. Nfxd5 exd5 15. Bg2 $16) 14. Bxb5+ axb5 15. Qxb5+ Qd7) (13. Nxb5 $142 axb5 14. Qxb5) 13... axb5 $19 14. Qxb5 {[%emt 0:00:02] [#]} Qd7 (14... Qc8 $1 $19 {And now ...Rb8 would win.} 15. Bb6 Nge7) 15. Ncxd5 $11 exd5 16. Nxd5 {[%emt 0:00:03][%cal Od5f6] Nf6+! is the strong threat.} Rb8 (16... Nxe5 $2 17. Nc7+ Kd8 18. Rxd7+ (18. Nxa8 Nd3+ 19. Rxd3 Bxd3 $18) 18... Nxd7 19. Rd1 $18 (19. Nxa8 Bd3 $18)) (16... Rxa2 $2 17. Nf6+ Nxf6 18. Rxd7 Nxd7 19. Qxc6 Ra1+ 20. Kd2 Rxh1 21. Qa8+ (21. Qxh1 Be7 $18) 21... Ke7 22. Qxh1 $18) (16... Be4 $5 17. Nc3 Rb8 $17 (17... Qxg4 $2 18. Nxe4 Rc8 19. Rd4 $18)) 17. Bb6 {[%emt 0:00:17] [#]} (17. Qa4 $1 $11 {was the only way to keep the balance.} Rc8 (17... Nxe5 $2 18. Nc7+ Ke7 19. Rxd7+ Nxd7 20. Re1 $18) 18. Nb6) 17... Nd4 $2 18. Nc7+ {[%emt 0:00:09] White mates.} (18. Bxd4 $2 {is the wrong capture.} Rxb5 19. Nc3 Rb8 $19) 18... Ke7 19. Bc5+ Kd8 20. Qxb8+ {[%emt 0:00:01] Weighted Error Value: White=0.40/Black=0.94.  Loses game:     	---       	Black=1      Missed win:     	---       	Black=1      Mistake:       	White=3     	---        Inaccurate:     	---       	Black=1      OK:         	White=2     	Black=2      Best:        	White=1     	Black=1      Strong:       	---       	Black=1} 1-0

[Event "Polish University-ch Open 2024"]
[Site "Lublin"]
[Date "2024.02.23"]
[Round "1.14"]
[White "Trela, Konrad"]
[Black "Walter, Szymon"]
[Result "0-1"]
[ECO "B80"]
[WhiteElo "1517"]
[BlackElo "2305"]
[Annotator "TA"]
[PlyCount "54"]
[EventDate "2024.02.22"]
[EventType "swiss"]
[EventCountry "POL"]
[SourceTitle "playchess.com"]
[Source "ChessBase"]
[SourceQuality "1"]
[TimeControl "600+3"]

1. e4 c5 2. Nf3 a6 3. d4 cxd4 4. Nxd4 Nc6 5. Nc3 e6 6. Nb3 Nf6 7. g3 d6 8. Bg2 Be7 9. O-O O-O 10. f4 Qc7 11. Be3 b5 12. a3 Bb7 13. g4 Nd7 14. g5 Nb6 15. Rf3 (15. f5 $11) 15... Nc4 $15 16. Bc1 g6 17. Rh3 Rfd8 (17... f6 $15 18. gxf6 Bxf6 (18... Rxf6 19. a4 $11)) 18. Qg4 ({Better is} 18. f5 $11) 18... b4 19. axb4 Nxb4 20. Ra4 (20. Qe2 $142) 20... a5 21. Qe2 (21. Bf3 $17 Bf8 (21... Nxc2 22. Qh4 $16) 22. Qh4) 21... d5 $19 22. exd5 exd5 23. Kh1 $2 {[%emt 0:00:52] [#] Now White is beyond hope.} (23. f5 $17 {might work better.}) 23... Re8 (23... d4 $19 24. Ne4 Ne3 25. Bxe3 Ba6 (25... dxe3 $2 26. Nc3 $19)) 24. Qf2 (24. Nxd5 $17 Bxd5 25. Bxd5 Nxd5 26. Rxc4) 24... Qd7 25. Nc5 $2 (25. f5) 25... Bxc5 26. Qxc5 Re1+ 27. Bf1 Qxh3 {[%emt 0:00:04] Weighted Error Value: White=1.22/Black=0.30.  Loses game:     	White=1     	---        Mistake:       	White=6     	Black=2      Inaccurate:     	White=1     	---        OK:         	White=3     	Black=4      Best:        	---       	Black=2} 0-1

[Event "Polish University-ch Open 2024"]
[Site "Lublin"]
[Date "2024.02.23"]
[Round "1.15"]
[White "Pultorak, Jan"]
[Black "Ryk, Mikolaj"]
[Result "1-0"]
[ECO "A01"]
[WhiteElo "2303"]
[BlackElo "1499"]
[Annotator "TA"]
[PlyCount "49"]
[EventDate "2024.02.22"]
[EventType "swiss"]
[EventCountry "POL"]
[SourceTitle "playchess.com"]
[Source "ChessBase"]
[SourceQuality "1"]
[TimeControl "600+3"]

1. b3 d5 2. Bb2 Nc6 3. e3 e5 4. Nf3 e4 5. Nd4 Nxd4 6. Bxd4 Nf6 7. c4 Be6 8. Nc3 {[%emt 0:01:20] White is slightly better.} Be7 9. cxd5 Bxd5 10. Qc2 {[%emt 0:00:30] White is more active.} c6 11. Nxd5 Qxd5 12. Bc4 Qf5 13. f3 Qg6 14. O-O O-O (14... exf3 $11 15. Qxg6 hxg6) 15. fxe4 $14 Qxe4 (15... Nxe4 $142 16. Rf4 Ng5 17. Qxg6 hxg6) 16. Bd3 $16 Qh4 (16... Qe6 $16) 17. Rf4 $18 Qh5 {[%emt 0:00:51] [#]} 18. Rf5 ({White should play} 18. Rf3 $1 $18 h6 19. Raf1) 18... Qh6 {[%emt 0:00:46] [#] A mistake that costs the game.} (18... Qh4 $16) 19. Rf3 $1 {[%emt 0:00:00][%cal Bf5f3,Bf3g3,Bg3h3][%mdl 32] Hoping for Rh3.} Qg5 $2 (19... Nh5 20. Rh3 g6) 20. Rg3 Qh4 21. Rh3 Qg5 22. Bxh7+ {[%emt 0:00:00] A strong pair of Bishops. White mates.} Kh8 23. Bxf6 Bxf6 {[%emt 0:00:04] [#]} 24. Bg8+ $1 Kxg8 (24... Qh4 25. Rxh4+) 25. Qh7# {[%emt 0:00:00] Weighted Error Value: White=0.07 (flawless) /Black=0.73.  Loses game:     	---       	Black=1      Mistake:       	White=1     	Black=4      Inaccurate:     	White=1     	Black=2      OK:         	White=9     	Black=4      Best:        	White=2     	---        Strong:       	White=1     	---} 1-0

[Event "Polish University-ch Open 2024"]
[Site "Lublin"]
[Date "2024.02.23"]
[Round "1.16"]
[White "Baranowski, Michal"]
[Black "Suder, Jakub"]
[Result "0-1"]
[ECO "B31"]
[WhiteElo "1331"]
[BlackElo "2333"]
[Annotator "TA"]
[PlyCount "76"]
[EventDate "2024.02.22"]
[EventType "swiss"]
[EventCountry "POL"]
[SourceTitle "playchess.com"]
[Source "ChessBase"]
[SourceQuality "1"]
[TimeControl "600+3"]

1. e4 c5 2. Be2 Nc6 3. d3 Nf6 4. f4 g6 5. Nf3 Bg7 6. Be3 {[%emt 0:00:03] [#]} (6. c3 $11 {bleibt in der Remisbreite.}) 6... d6 (6... d5 $1 $17) 7. c3 $11 Rb8 8. O-O {[%emt 0:00:08] Die Stellung ist ausgeglichen.} O-O 9. Nbd2 (9. a4 $11) 9... Ng4 $17 10. Bf2 Nxf2 11. Rxf2 b5 12. a3 a5 13. Rc1 (13. g3 $15) 13... b4 (13... Bh6 $142 14. Ne1 e5) 14. axb4 axb4 15. Nf1 Qa5 (15... Bh6 $17 16. N3d2 f5) 16. d4 ({Vorzuziehen ist} 16. Ra1 $15 Qb6 17. Ne3) 16... cxd4 {[%emt 0:00:31] Schwarz steht aktiver.} 17. cxd4 {[%emt 0:00:12] [#]} Qb6 18. e5 dxe5 (18... Rd8 $17 {Droht stark ...dxe5.} 19. d5 Na5) 19. d5 ({Besser ist} 19. dxe5 $15 Bf5 20. Qd2) 19... Nd4 $19 20. Nxe5 Rd8 21. Rc6 $2 {[%emt 0:00:42][%mdl 8192] Ein Fehler, der zur Niederlage führt.} (21. Ne3 $17 {leistet mehr Widerstand.}) 21... Nxc6 22. Nxc6 Qxc6 23. dxc6 Rxd1 24. Bxd1 Bd4 {[%emt 0:00:01][%cal Ob8a8] Und jetzt ...Ra8! wäre schön.} 25. Nd2 Ra8 ({Schwächer ist} 25... Bxf2+ 26. Kxf2 Be6 27. Ke3 $19) 26. Nb3 {[%emt 0:00:21] Es drohte Ra1} Bxf2+ 27. Kxf2 {[%emt 0:00:02][%mdl 4096] Endspiel. KRB-KBN} Ra2 28. Nd4 Rxb2+ 29. Ke3 Rb1 30. Ba4 Kf8 31. c7 Rc1 32. Bc6 {[%emt 0:00:13] [#]} (32. Nc2 $142) 32... b3 $1 33. Be4 (33. Nxb3 Rxc6) 33... Rxc7 {[%emt 0:00:00] Droht ...b2 und aus.} 34. Kd3 b2 35. Kd2 Bb7 36. Bd3 Ba6 {[%emt 0:00:00] ( -> ...Bxd3)} 37. Bb1 Rc1 38. Ba2 Bc4 {[%emt 0:00:00] Gewichteter Fehlerwert: Weiß=0.86/Schwarz=0.48.  Verlustzug:     	Weiß=1     	---        Fehler:       	Weiß=5     	Schwarz=4     Ungenau:       	Weiß=1     	---        OK:         	Weiß=6     	Schwarz=10    Bester:       	---       	Schwarz=4} (38... Ra1 $142 39. Kc2 Rxa2 40. Kb1 Bd3+ 41. Nc2 Bxc2+ 42. Kxc2 b1=R+ 43. Kxb1 Rxg2 44. h3 h5 45. Kc1 f5 46. Kd1 g5 47. fxg5 f4 48. h4 f3 49. Ke1 e5 50. Kf1 e4 51. Ke1 e3 52. Kd1 Re2 (52... Rd2+ {ist ein Selbstmatt.} 53. Ke1 Rd6 54. g6 Kg7 55. Kf1 Rd1#) 53. g6 Kg7 54. Kc1 f2 55. Kd1 f1=Q#) 0-1

[Event "Polish University-ch Open 2024"]
[Site "Lublin"]
[Date "2024.02.23"]
[Round "1.17"]
[White "Brozyna, Mateusz"]
[Black "Ciesielski, Szymon"]
[Result "1-0"]
[ECO "C01"]
[WhiteElo "2259"]
[BlackElo "1512"]
[Annotator "TA"]
[PlyCount "78"]
[EventDate "2024.02.22"]
[EventType "swiss"]
[EventCountry "POL"]
[SourceTitle "playchess.com"]
[Source "ChessBase"]
[SourceQuality "1"]
[TimeControl "600+3"]

1. e4 Nc6 2. Nf3 e6 3. d4 Nf6 4. Nbd2 Be7 5. Bd3 h6 6. O-O d6 7. Re1 e5 8. dxe5 dxe5 9. Bb5 Bg4 10. h3 Bxf3 11. Nxf3 ({White should play} 11. Bxc6+ $16 bxc6 12. Qxf3 (12. Nxf3 Qxd1 13. Rxd1 Bc5 $16)) 11... Bd6 (11... Qxd1 $14 {deserves consideration.} 12. Rxd1 Bd6) 12. Nh4 Qd7 (12... Bb4 $142) 13. Nf5 $16 O-O-O 14. Qf3 {[%emt 0:00:39] White is more active.} Ne8 (14... a6 $16) 15. c3 (15. Rd1 $18) 15... a6 16. Ba4 b5 (16... Bf8 $142 17. Bb3 Nd6) 17. Bb3 $18 Na5 18. Be3 Nxb3 19. axb3 Qc6 {[%emt 0:00:04] [#]} 20. c4 $1 Bb4 21. Rec1 Qb7 (21... Rd7 $142 22. Qe2 Qxe4) 22. cxb5 Qxb5 23. Qg3 a5 24. Rc4 (24. Nxg7 Rg8 25. Qg4+ (25. Bxh6 $2 Nxg7 26. Bxg7 f6 $19) 25... Rd7 26. Bxh6 Nxg7 $11 (26... f5 $2 27. exf5 Rgxg7 28. Bxg7 $16)) 24... g5 $2 (24... Rd3 {might work better.} 25. Rac1 (25. Nxg7 Rg8 $11) 25... g6) 25. Rac1 Rd7 26. Bc5 f6 (26... Bd2 $142 27. R1c2 (27. Qxe5 f6 $18) 27... Kb8) 27. Bxb4 axb4 28. Qg4 {[%emt 0:00:07] [#] And now Ne7+ would win.} h5 (28... Kb8 $142 29. Rc5 Qb7) 29. Qe2 Qb7 30. Qe1 Nd6 31. Rxb4 Qa8 32. Ra1 Qc6 33. Nxd6+ $2 (33. Qc3 {mates} Qxe4 34. Rxe4 (34. Nxd6+ Rxd6 35. Rxe4 Rh7 $18) 34... Kd8 35. Ra8+ (35. Nxd6 Rxd6 36. Ra8+ Ke7 37. Rxh8 Rd1+ 38. Kh2 Ke6 39. Qxc7 Rd7 40. Re8+ Kf5) 35... Nc8 36. Qc6 (36. Rxc8+ Kxc8 37. Qc6 Rd1+ 38. Kh2 Ra1 39. Rb4 Ra6 40. Qxa6+ Kd7 41. Rc4 Rh7 42. Qc6+ Kd8 43. Ra4 Rh8 44. Ra8#) 36... Rd1+ 37. Re1 (37. Kh2 Rd6 38. Nxd6 Ke7) 37... Rxe1+ 38. Kh2) 33... Rxd6 34. Rc4 Qb7 35. Qe3 {[%emt 0:00:09] Black must now prevent Ra7.} Rb6 $2 (35... Rhd8 {is tougher.} 36. Ra7 Qb6 37. Qxb6 Rxb6) 36. Qc3 {[%emt 0:00:09] Strongly threatening Rca4.} Rd8 37. Rca4 {[%emt 0:00:06] Threatens to win with Qc4.} Kd7 38. Ra7 Qc6 39. Rd1+ $2 (39. Qf3 $18 {aiming for h4.} Rh8 40. Qd1+ Kc8 41. b4) 39... Ke8 {[%emt 0:00:13] Weighted Error Value: White=0.59/Black=0.74.  Missed win:     	White=1     	---        Mistake:       	White=2     	Black=9      Inaccurate:     	White=3     	Black=1      OK:         	White=12    	Black=9      Best:        	White=2     	---} (39... Kc8 $1 $14 40. Rxd8+ Kxd8) 1-0

[Event "Polish University-ch Open 2024"]
[Site "Lublin"]
[Date "2024.02.23"]
[Round "1.18"]
[White "Zahorski, Bartosz"]
[Black "Redzisz, Michal"]
[Result "0-1"]
[ECO "B13"]
[WhiteElo "1396"]
[BlackElo "2229"]
[Annotator "TA"]
[PlyCount "92"]
[EventDate "2024.02.22"]
[EventType "swiss"]
[EventCountry "POL"]
[SourceTitle "playchess.com"]
[Source "ChessBase"]
[SourceQuality "1"]
[TimeControl "600+3"]

1. e4 c6 2. d4 d5 3. exd5 cxd5 4. Nf3 Nc6 5. Bd3 g6 6. O-O Bf5 (6... Nf6 $14) 7. Re1 (7. Bxf5 $16 {Black must now prevent Bd3.} gxf5 8. Bg5) 7... Bxd3 $11 8. Qxd3 {[%emt 0:00:02] The position is equal.} Bg7 9. c3 Nf6 10. Bf4 O-O 11. Nbd2 Rc8 12. Ne5 Nh5 13. Bg3 (13. Bg5 $142 f6 14. Nxc6 bxc6 15. Be3) 13... Nxg3 14. hxg3 Nxe5 15. dxe5 e6 16. Nf3 Rc4 17. Rad1 Qc7 18. a3 Rb8 19. Qe3 b5 20. Nd4 a5 21. Rd3 b4 22. cxb4 axb4 23. a4 {[%emt 0:00:00] [#]} (23. b3 $1 $11 {keeps the balance.} Rc3 24. a4) 23... b3 $1 $17 24. Rxb3 Rxb3 (24... Rxa4 25. Rxb8+ Qxb8 26. b3 $15) 25. Nxb3 Rxa4 {[%emt 0:00:03] Hoping for ...Re4.} 26. Rc1 Rc4 (26... Qxe5 27. Rc8+ Bf8 28. Qxe5 Rc4 29. Ra8 (29. Rxc4 dxc4 30. Na5 h5 $18) 29... d4 30. Qd6 (30. Nxd4 Rc1+ 31. Kh2 Ra1 32. Rxa1 h5 33. Ra8 h4 34. gxh4 g5 35. Qxg5+ Kh7 36. Rxf8 e5 37. Rxf7+ Kh8 38. Qg7#) (30. Rxf8+ Kxf8 31. Nxd4 Kg8 $18) (30. Qb8 Kg7 31. Qxf8+ Kf6 32. Qd8+ Kg7 33. Qh8+ Kh6 34. Ra7 Kg5 35. Rxf7 Rc1+ 36. Nxc1 h5 37. Qf6+ Kh6 38. Qf4+ g5 39. Qf6#) 30... Kg7 31. Rxf8 (31. Qxf8+ Kf6 32. Qd8+ Kg7 33. Qh8+ Kh6 34. Ra7 Rc8 35. Qxc8 Kh5 36. Rxf7 h6 37. Qxe6 g5 38. Rh7 g4 39. Qxh6#)) 27. Rxc4 Qxc4 {[%emt 0:01:20][%mdl 4096] Endgame. KQB-KQN} (27... dxc4 28. Nd2 $11) 28. f4 Bf8 {[%emt 0:00:05][%cal Od5d4] ...d4! is the strong threat.} 29. Qc3 Qb5 30. Kh2 h5 31. Nd4 Qb6 32. b3 Bc5 33. Nf3 d4 (33... Qb5 $15) 34. Qd3 $11 Qb4 35. Ng5 Kg7 36. Ne4 Bb6 37. Kh1 (37. Nd6 $11 {remains equal.}) 37... Qe1+ $17 38. Kh2 {[%emt 0:00:01] [#]} h4 {[%emt 0:00:02] Black is more active.} ({Black should play} 38... Qe3 $1 $17 39. Qxe3 dxe3) 39. g4 $11 Qb4 40. f5 $2 exf5 (40... gxf5 41. gxf5 Qa5 (41... exf5 42. Nd6 $11) 42. fxe6 $17 (42. f6+ $2 Kh6 $19)) 41. gxf5 gxf5 (41... Bc7 $17 42. Kh3 Bxe5 (42... gxf5 43. Nf2 $15) 43. Kxh4 Qe1+ (43... gxf5 44. Nf2 $15) 44. Kg4 Qc1) 42. Nd6 Bc7 $2 (42... Qe1 $11 {and Black is okay.} 43. Nxf5+ Kf8) 43. Nxf5+ $2 ({And not} 43. Ne8+ Kf8 44. Nxc7 Qc5 $11) (43. Qxf5 $18 Bxd6 (43... Qxb3 44. Qf6+ Kg8 45. Nf5 $18) 44. Qf6+ Kg8 45. exd6 (45. Qxd6 $2 {is the wrong capture.} Qxd6 46. exd6 Kf8 $19)) 43... Kf8 44. Nxd4 $2 (44. Qe4 $11) 44... Bxe5+ $19 45. Kh3 Bxd4 46. Kxh4 (46. Qc2 $19 Be5 47. Qd3) 46... Bf2+ {[%emt 0:00:08] Weighted Error Value: White=0.72/Black=0.30.  Loses game:     	White=2     	Black=1      Missed win:     	White=1     	---        Mistake:       	White=4     	Black=4      Inaccurate:     	---       	Black=2      OK:         	White=18    	Black=14     Best:        	White=3     	Black=2      Brilliant:      	---       	Black=1} 0-1

[Event "Polish University-ch Open 2024"]
[Site "Lublin"]
[Date "2024.02.23"]
[Round "2.1"]
[White "Sygulski, Piotr"]
[Black "Kosakowski, Jakub"]
[Result "0-1"]
[ECO "E16"]
[WhiteElo "2035"]
[BlackElo "2482"]
[Annotator "TA"]
[PlyCount "84"]
[EventDate "2024.02.22"]
[EventType "swiss"]
[EventCountry "POL"]
[SourceTitle "playchess.com"]
[Source "ChessBase"]
[SourceQuality "1"]
[TimeControl "600+3"]

1. d4 d5 2. c4 e6 3. g3 Nf6 4. Bg2 Bb4+ 5. Nd2 O-O 6. Ngf3 b6 7. O-O Bb7 8. Qc2 Re8 9. b3 c5 10. Bb2 Nc6 {[%emt 0:00:09] The position is equal.} 11. Rfd1 (11. dxc5 $11 Bxc5 12. a3) 11... Qe7 (11... cxd4 $15 {should be considered.} 12. Rac1 e5 13. cxd5 Nxd5 (13... Qxd5 14. Ng5 $16)) 12. Rac1 ({White should play} 12. cxd5 $11 exd5 13. e3) 12... Rac8 13. Qb1 (13. dxc5 $11 Bxc5 14. e3) 13... Bxd2 (13... Nxd4 $15 14. Nxd4 cxd4 15. Bxd4 e5) 14. Rxd2 $11 Nxd4 15. Nxd4 cxd4 16. Rxd4 e5 17. Rdd1 d4 18. Bxb7 Qxb7 19. Qf5 Re6 20. Rd3 Ne4 {[%emt 0:00:53] [#] ...Rf6 is the strong threat.} 21. Qh3 (21. f4 $15) 21... Qe7 (21... b5 $17 {aiming for ...bxc4.} 22. cxb5 Rxc1+ 23. Bxc1 Qxb5) 22. Qg2 Nc5 {[%emt 0:00:17][%cal Be4c5,Bc5a4,Ba4c3][%mdl 32] Black is more active.} 23. Rdd1 h5 24. Ba3 h4 25. b4 $2 (25. Bxc5 $15 bxc5 26. Qe4) 25... Na4 $19 26. c5 Nc3 27. Rd2 bxc5 28. bxc5 Ra6 29. Bb2 Nxa2 30. Ra1 Nb4 ({Resist} 30... Rxc5 31. e3 $17) 31. Rxa6 Nxa6 32. Ba3 Qe6 33. Rb2 (33. Qe4 $142) 33... h3 34. Qb7 (34. Qe4) 34... Nxc5 35. Bxc5 Rxc5 {[%emt 0:00:02][%cal Rc5c1][%mdl 4096] Endgame. KQR-KQR} 36. f3 Qc8 (36... f5 $142 {( -> ...Rc1+)} 37. Rb1 Rc2) 37. Qxa7 $2 (37. Qe7 $19) 37... Rc1+ 38. Kf2 {[%emt 0:00:01] [#] Rb8 would now be deadly.} Qc3 $1 {[%emt 0:00:02][%csl Gd4][%cal Rc3e3] Black mates.} 39. Qa8+ Kh7 40. Qe4+ g6 41. Qh4+ Kg7 42. Qe4 Qe1# {[%emt 0:00:02] Weighted Error Value: White=0.54/Black=0.26 (precise) .  Loses game:     	White=2     	---        Mistake:       	White=7     	Black=4      Inaccurate:     	White=2     	Black=2      OK:         	White=6     	Black=9      Best:        	---       	Black=3} 0-1

[Event "Polish University-ch Open 2024"]
[Site "Lublin"]
[Date "2024.02.23"]
[Round "2.2"]
[White "Janik, Igor"]
[Black "Strzalkowski, Damian"]
[Result "1-0"]
[ECO "B40"]
[WhiteElo "2499"]
[BlackElo "1672"]
[Annotator "TA"]
[PlyCount "89"]
[EventDate "2024.02.22"]
[EventType "swiss"]
[EventCountry "POL"]
[SourceTitle "playchess.com"]
[Source "ChessBase"]
[SourceQuality "1"]
[TimeControl "600+3"]

1. e4 c5 2. Nf3 e6 3. g3 Nc6 4. Bg2 a6 5. O-O b5 6. c3 Bb7 7. d4 cxd4 8. cxd4 {[%emt 0:00:01] White is better.} d6 ({Better is} 8... Na5 $14) 9. d5 $18 exd5 10. exd5 Nce7 (10... Ne5 {keeps fighting.} 11. Re1 Be7 12. Nxe5 dxe5 13. Rxe5 Kf8) 11. Re1 Nf6 12. Bg5 Qb6 13. Bxf6 gxf6 14. Nd4 O-O-O 15. Nc3 f5 16. Qd3 f4 17. Nc6 (17. gxf4 Rg8 $16) 17... Bxc6 18. dxc6 {[%emt 0:00:03][%cal Oe1e7] [#] Hoping for Rxe7!} fxg3 {[%emt 0:00:00] Black is weak on the light squares} 19. hxg3 {[%emt 0:00:03][%cal Oe1e7] Threatens to win with Rxe7!} d5 20. c7 Kxc7 21. Qf3 {[%emt 0:00:17][%cal Oe1e7] And now Rxe7+! would win.} (21. Nxd5+ Nxd5 22. Bxd5 Bc5 $16) 21... h5 (21... Kb8 $142 22. Qf4+ (22. Qxf7 Nc8 $18) 22... Qc7) 22. Qxf7 (22. Rxe7+ $142 Bxe7 23. Nxd5+ (23. Qxf7 Qd4 $18) 23... Rxd5 24. Qxd5) 22... h4 23. Rxe7+ Bxe7 24. Qxe7+ (24. Nxd5+ $142 Rxd5 25. Rc1+ (25. Qxd5 Qc5 $18) (25. Bxd5 Qf6 $16) (25. Qxe7+ Kb8 $18) 25... Kd8 26. Qxd5+ (26. Bxd5 hxg3 27. Bg2 Qxf2+ 28. Qxf2 gxf2+ 29. Kxf2 Rh5 $11) 26... Ke8 27. Rc8+ Qd8 28. Rxd8+ Bxd8 29. Qe5+ Be7 30. Qxh8+ Bf8 31. Qxh4 (31. gxh4 Ke7 32. Qe5+ Kd8 33. Bh3 b4 34. Qf6+ Kc7 35. Qxf8 Kc6)) 24... Kb8 25. Nxd5 Qd6 26. Qxd6+ ({Weaker is} 26. gxh4 Qxe7 27. Nxe7 Rd2 $18) 26... Rxd6 27. Rd1 {[%emt 0:00:05] g4 is the strong threat.} hxg3 28. fxg3 Rg8 29. Kf2 Rdg6 30. Rd3 Rf8+ 31. Bf3 Rh6 32. Nf4 Rc8 (32... Rf7 $142 33. Rd4 Rh2+ 34. Bg2 Ka7) 33. Rd2 Rh2+ 34. Bg2 {[%emt 0:00:01] White is clearly winning.} Rh6 35. g4 Rc4 36. Kg3 Rf6 37. Nd5 Rg6 38. Bf3 {[%emt 0:00:01] [#] Black must now prevent Ne7.} Rg5 (38... Re6 $142 39. b3 Rc5) 39. Ne3 Rc7 40. Kf4 Rg8 {[%emt 0:00:05] Against Rd8+} 41. Be4 Rc1 42. Rf2 Re1 43. Bf5 Rd8 44. Ng2 Rh1 45. g5 {[%emt 0:00:02] White took control after the opening.   Weighted Error Value: White=0.59/Black=0.40.  Mistake:       	White=1     	Black=5      Inaccurate:     	White=1     	Black=4      OK:         	White=14    	Black=6      Best:        	---       	Black=1} 1-0

[Event "Polish University-ch Open 2024"]
[Site "Lublin"]
[Date "2024.02.23"]
[Round "2.3"]
[White "Bien, Janusz"]
[Black "Szpar, Milosz"]
[Result "0-1"]
[ECO "B22"]
[WhiteElo "1905"]
[BlackElo "2495"]
[Annotator "RC"]
[PlyCount "109"]
[EventDate "2024.02.22"]
[EventType "swiss"]
[EventCountry "POL"]
[SourceTitle "playchess.com"]
[Source "ChessBase"]
[SourceQuality "1"]
[TimeControl "600+3"]

1. e4 c5 2. d4 cxd4 3. c3 Nf6 4. e5 Nd5 5. Nf3 d6 6. Qxd4 e6 7. Nbd2 Nc6 8. Bb5 Bd7 9. Bxc6 Bxc6 10. Nc4 dxe5 11. Nfxe5 Qc7 12. O-O Bb5 13. Re1 Rd8 14. Qh4 Be7 15. Bg5 Bxg5 16. Qxg5 O-O 17. Na3 Ba6 18. Nf3 Nf4 19. Qg3 Ne2+ 20. Rxe2 Qxg3 21. hxg3 Bxe2 22. Nd4 Ba6 23. b4 Bd3 24. Rd1 Bg6 25. Re1 Rc8 26. Re3 Rfd8 27. f4 h5 28. Kf2 Rd5 29. Kf3 a5 30. b5 a4 31. g4 hxg4+ 32. Kxg4 Rdc5 33. c4 Rxc4 34. Nxc4 Rxc4 35. Nf3 Rc2 36. Ra3 Rc4 37. Ne5 Rb4 38. Nxg6 fxg6 39. Kg5 Kf7 40. b6 Rb2 41. g3 Rb4 42. Kg4 Kf6 43. Kf3 g5 44. fxg5+ Kxg5 45. Kf2 Kf5 46. Rf3+ Ke5 47. Rf7 Rxb6 48. Rxg7 a3 49. Rg5+ Ke4 50. Ra5 Rb2+ 51. Kg1 Rxa2 52. g4 b6 53. Ra6 b5 54. Rxe6+ Kf4 55. Re2 0-1